 Dungeon Crawl Stone Soup version 0.30.1-1-g62c8e00024 (webtiles) character file.

Game seed: 13089342472228945521

65 Gorgoleon the Cudgeller (level 4, -8/48 HPs)
             Began as an Ogre Berserker on July 17, 2023.
             Was a Believer of Trog.
             Mangled by a goblin
             ... wielding a +2 dagger of electrocution
              (20 damage)
             ... on level 3 of the Dungeon.
             The game lasted 00:03:48 (1897 turns).

Gorgoleon the Cudgeller (Ogre Berserker)            Turns: 1897, Time: 00:03:48

Health: -8/48      AC:  3    Str: 23    XL:     4   Next: 13%
Magic:  4/4        EV: 10    Int:  8    God:    Trog [**....]
Gold:   157        SH:  0    Dex:  8    Spells: 3/3 levels left

rFire   . . .        a - +0 mace
rCold   . . .        (no shield)
rNeg    . . .        b - +0 animal skin
rPois   .            g - +0 hat
rElec   .            (no cloak)
rCorr   .            (gloves unavailable)
SInv    .            (boots unavailable)
Will    .....        (no amulet)
Stlth   +            (no ring)
HPRegen 0.28/turn    (no ring)
MPRegen 0.09/turn

%: no passive effects
@: no status effects
A: large, unfitting armour, tough skin 1
a: Renounce Religion, Berserk, Trog's Hand


You were on level 3 of the Dungeon.
You worshipped Trog.
Trog was pleased with you.
You visited 1 branch of the dungeon, and saw 3 of its levels.

You collected 157 gold pieces.

Inventory:

Hand Weapons
 a - a +0 mace (weapon)
Missiles
 d - 19 stones (quivered)
 e - 6 boomerangs
 j - 2 throwing nets
Armour
 b - a +0 animal skin (worn)
 g - a +0 hat (worn)
Jewellery
 f - a +6 ring of intelligence
Scrolls
 k - a scroll of enchant weapon {unknown}
Potions
 c - 2 potions of might {unknown}
 h - a potion of resistance {unknown}
 i - a potion of invisibility {unknown}
 l - 4 potions of curing {unknown}
 m - a potion of attraction {unknown}
 n - 2 potions of heal wounds {unknown}


   Skills:
 - Level 4.0 Fighting
 + Level 4.1 Maces & Flails
 * Level 1.3 Throwing
 - Level 2.6 Dodging


You had 3 spell levels left.
You didn't know any spells.
Your spell library was empty.

Dungeon Overview and Level Annotations

Branches:
Dungeon (3/15)

Altars:

Shops:
D:2 [


Innate Abilities, Weirdness & Mutations

You are too large for most types of armour.
You have tough skin. (AC +1)


Message History

You are confused.
You hear some strange, mumbled words.
A puff of flame appears from out of thin air!
The puff of flame hits you!
You miss something. Something hits you.
You closely miss something. Your punch misses something. Something hits you.
You bump into the rock wall.
Something hits you.
You bump into the rock wall.
You hear some strange, mumbled words.
A magic dart appears from out of thin air!
The magic dart hits you.
You barely miss something.
You feel less confused. Something completely misses you.
You sock something! Something hits you.
You barely miss something. Something hits you.
You hear some strange, mumbled words.
You are confused.
You bump into the rock wall.
Something hits you but does no damage. Something hits you.
There is an open door here.
You bump into the rock wall.
A dart slug comes into view.
You miss the orc. You closely miss something.
You feel less confused.
You closely miss something.
The goblin hits you with a +2 dagger of electrocution.
Something hits you. The orc hits you with a +0 club.
* * * LOW HITPOINT WARNING * * *
There is an open door here.
You miss something.
The goblin hits you with a +2 dagger of electrocution.
* * * LOW HITPOINT WARNING * * *
Something hits you but does no damage. The orc barely misses you.
You closely miss something. The orc barely misses you.
The goblin hits you with a +2 dagger of electrocution.
* * * LOW HITPOINT WARNING * * *
You are electrocuted!!
You die...

##### ..... ......
#.#.##### ....(.
#.......######
#......
###.##...##.......
#<...'..{@o.......
#...##...#g#.....
#...##...#w# ###
#...#....+..
#...#....#.##
#...#.####.#
#...#. #.. #...#.
###


You could see a dart slug, an orc and a goblin.

Vanquished Creatures
  2 adders (D:2)
  A worm (D:2)
  A dart slug (D:2)
  An orc (D:3)
  2 bats
  3 endoplasms
  5 giant cockroaches
  5 hobgoblins
  5 jackals (D:1)
  3 kobolds
  A quokka (D:1)
  4 ball pythons
  4 rats
37 creatures vanquished.

Notes
Turn   | Place    | Note
-------+----------+-------------------------------------------
     0 | D:1      | Gorgoleon the Ogre Berserker began the quest for the Orb.
     0 | D:1      | Reached XP level 1. HP: 24/24 MP: 1/1
   144 | D:1      | Reached XP level 2. HP: 29/32 MP: 2/2
   511 | D:1      | Reached XP level 3. HP: 37/39 MP: 3/3
  1118 | D:2      | Found a faded altar of an unknown god.
  1274 | D:2      | Reached skill level 1 in Throwing
  1388 | D:2      | Reached ** piety under Trog
  1389 | D:2      | Reached XP level 4. HP: 36/48 MP: 4/4
  1627 | D:2      | Found Forim's Antique Armour Boutique.
  1897 | D:3      | Mangled by a goblin

Illustrated notes

Levels and vault maps discovered:
D:1:      evilmike_arrival_hilbert_curve, layout_loops_ring
D:2:      layout_basic, serial_shops, nicolae_shop_real_fake_doors,
          dilly_ecumenical_altar_fadedgnrine, minmay_tetromino_i2
D:3:      layout_basic, overflow_temple_1_default

Skill      XL: |  1  2  3 |
---------------+----------+-----
Maces & Flails | 3 4 |  4.1
Throwing       | 1 |  1.3
Fighting       | |  4.0
Dodging        | |  2.6

Action                     |  1- 3 |  4- 6 || total
---------------------------+-------+-------++-------
  Melee: Mace              |    85 |    28 ||   113
   Stab: Sleeping          |       |     1 ||     1
 Armour: Animal skin       |    24 |     6 ||    30
  Dodge: Dodged            |    32 |    10 ||    42
